 Dungeon Crawl Stone Soup version 0.27-a0-1331-g60ef6b6952 (webtiles) character file.

Game seed: 8537307047775469034

110 Harbin the Shield-Bearer (level 5, 0/42 HPs)
             Began as a Formicid Fighter on June 25, 2021.
             Succumbed to a hobgoblin's poison
             ... on level 3 of the Dungeon.
             The game lasted 00:08:12 (2351 turns).

Harbin the Shield-Bearer (Formicid Fighter)         Turns: 2351, Time: 00:08:13

Health: 0/42       AC:  9    Str: 22    XL:     5   Next: 14%
Magic:  5/5        EV:  8    Int:  7    God:
Gold:   115        SH:  9    Dex: 10    Spells: 4/4 levels left

rFire    . . .     SeeInvis +   a - +0 war axe
rCold    . . .     Faith    .   c - +0 kite shield
rNeg     . . .     Spirit   .   b - +0 scale mail
rPois    .         Reflect  .   (helmet unavailable)
rElec    .         Harm     .   (no cloak)
rCorr    .         Rampage  .   (no gloves)
Will     .....                  (no boots)
Stlth    ..........             (no amulet)
HPRegen  0.14/turn              (no ring)
MPRegen  0.09/turn              (no ring)

@: mighty, lethally poisoned (0 -> -37)
A: permanent stasis, dig shafts and tunnels, antennae 3, four strong arms,
iridescent scales 1
a: Dig, Shaft Self


You were on level 3 of the Dungeon.
You visited 1 branch of the dungeon, and saw 3 of its levels.

You collected 115 gold pieces.

Inventory:

Hand Weapons
 a - a +0 war axe (weapon)
 e - a +0 hunting sling
Missiles
 f - 27 poisoned darts
 h - 42 stones
 j - 8 atropa-tipped darts
Armour
 b - a +0 scale mail (worn)
 c - a +0 kite shield (worn)
Scrolls
 k - a scroll of silence {unknown}
 l - a scroll of amnesia {unknown}
Potions
 i - a potion of cancellation {unknown}


   Skills:
 + Level 4.0 Fighting
 + Level 2.6 Axes
 + Level 1.5 Throwing
 + Level 4.0 Armour
 + Level 4.4 Shields


You had 4 spell levels left.
You didn't know any spells.
Your spell library contained the following spells:

 Spells                   Type           Power      Damage    Failure   Level
 Animate Skeleton         Necr           0%         N/A       97%         1
 Pain                     Necr           0%         1d4       97%         1
 Vampiric Draining        Necr           0%         2d6       100%        3
 Animate Dead             Necr           0%         N/A       100%        4
 Agony                    Necr           0%         N/A       100%        5


Dungeon Overview and Level Annotations

Branches:
Dungeon (3/15)

Altars:


Innate Abilities, Weirdness & Mutations

You cannot be hasted, slowed, berserked, paralysed or teleported.
You can dig through walls and to a lower floor.
You have a pair of large antennae on your head. (SInv)
Your four strong arms can wield two-handed weapons with a shield.
You are partially covered in iridescent scales. (AC +2)


Message History

The goblin shoots a stone.
You block the stone.
The goblin shoots a stone.
You block the stone.
The goblin unwields a +0 hunting sling.
The goblin wields a +1 dagger of venom.
It begins to drip with poison!
The goblin barely misses you.
Your shield prevents you from hitting the goblin.
You block the goblin's attack.
You closely miss the goblin. You block the goblin's attack.
The goblin hits you but does no damage.
You are poisoned.
You barely miss the goblin.
You feel very sick.
A hobgoblin comes into view. It is quivering poisoned darts.
The goblin hits you but does no damage.
You are more poisoned.
You closely miss the goblin.
You feel very sick. The goblin hits you but does no damage.
You are more poisoned.
The goblin hits you but does no damage.
You are more poisoned.
You barely miss the goblin.
You feel extremely sick.
The hobgoblin throws a poisoned dart.
The poisoned dart hits you!
You are lethally poisoned!
The goblin hits you but does no damage.
You are more poisoned.
You feel very mighty all of a sudden.
You feel extremely sick.
The goblin hits you with a +1 dagger of venom.
You closely miss the goblin.
* * * LOW HITPOINT WARNING * * *
You feel extremely sick. The goblin hits you but does no damage.
You are more poisoned.
The hobgoblin throws a poisoned dart.
The poisoned dart hits you!
You are more poisoned.
You block the goblin's attack.
It was a potion of mutation.
You feel extremely strange.
Iridescent scales grow over part of your body.
You die...

##### .# .#. #...# .#
.. #...# .#..# #...#
###.#..# #...#
#.g....# #...#
##......#
######...#####.......#
...†.....'......@....#
######...#####..g....#
#.#.#...#.......#
#.#................
#.#######.......#.#
#.. #.##.#### # #.#
#.# .# ### ..# .# ###
.#


You could see a hobgoblin and a goblin.

Vanquished Creatures
  A gnoll (D:1)
  3 adders (D:2)
  5 dart slugs
  9 bats
  9 endoplasms
  5 giant cockroaches
  3 goblins (D:1)
  5 hobgoblins
  5 jackals
  3 kobolds
  3 quokkas (D:1)
  3 ball pythons
  A frilled lizard (D:2)
  A rat (D:2)
56 creatures vanquished.

Notes
Turn   | Place    | Note
-------+----------+-------------------------------------------
     0 | D:1      | Harbin the Formicid Fighter began the quest for the Orb.
     0 | D:1      | Reached XP level 1. HP: 18/18 MP: 1/1
   116 | D:1      | Reached XP level 2. HP: 16/24 MP: 2/2
   391 | D:1      | Reached XP level 3. HP: 29/29 MP: 3/3
   882 | D:1      | Reached XP level 4. HP: 36/37 MP: 4/4
  1043 | D:2      | Reached skill level 1 in Throwing
  1107 | D:2      | Found a faded altar of an unknown god.
  1657 | D:2      | Reached XP level 5. HP: 26/42 MP: 5/5
  2351 | D:3      | Gained mutation: You are partially covered in iridescent
                  | scales. (AC +2) [potion of mutation]
  2351 | D:3      | Succumbed to a hobgoblin's poison

Illustrated notes

Levels and vault maps discovered:
D:1:      grunt_arrival_crossed_arrows, layout_basic, serial_corexii_hall,
          corexii_hall_statues_i, chequers_hall_statues_wall_a,
          chequers_serial_rivers_micro_d
D:2:      layout_basic, shapermc_ecumenical_altar_mp_highgroup, kennysheep_nub
D:3:      layout_basic, vehumet_altar_wand_db, hangedman_decor_points

Skill      XL: |  1  2  3  4 |
---------------+-------------+-----
Shields        | 4 |  4.4
Throwing       | 1 |  1.5
Fighting       | 4 |  4.0
Armour         | 4 |  4.0
Axes           | |  2.6

Action                   |  1- 3 |  4- 6 || total
-------------------------+-------+-------++-------
Melee: War axe           |    61 |    87 ||   148
Throw: Dart              |     7 |       ||     7
 Abil: Dig               |     1 |       ||     1
  Use: Scroll            |       |     2 ||     2
       Potion            |       |     2 ||     2
Armor: Scale mail        |    47 |    52 ||    99
Dodge: Dodged            |    26 |    22 ||    48
Block: Kite shield       |    45 |    43 ||    88

Table legend: (Time is in decaauts)
 A = Elapsed time spent in this place.
 B = Non-inter-level travel time spent in this place.
 C = Inter-level travel time spent in this place.
 D = Time resting spent in this place.
 E = Time spent auto-exploring this place.
 F = Levels seen in this place.
 G = Mean time per level.
                   A        B        C        D        E       F      G
               +--------+--------+--------+--------+--------+-----+--------+
         Total |   2432 |   2400 |     32 |    100 |   1805 |   3 |  810.7 |
       Dungeon |   2432 |   2400 |     32 |    100 |   1805 |   3 |  810.7 |
               +--------+--------+--------+--------+--------+-----+--------+

Top non-repeatable levels by time:
     D:2: 1218 daAuts
     D:1: 1059 daAuts
     D:3: 154 daAuts
